 Seeded DCSS version 0.30-a0-241-g1121274 (webtiles) character file.

Game seed: 7674521023698936968 (custom seed)

1 brinewave the Insei (level 1, -5/15 HPs)
             Began as a Human Transmuter on Oct 10, 2022.
             Slain by a goblin
             ... wielding a +0 dagger of electrocution
              (20 damage)
             ... on level 1 of the Dungeon.
             The game lasted 00:02:24 (77 turns).

brinewave the Insei (Human Transmuter)                Turns: 77, Time: 00:02:25

Health: -5/15      AC:  2    Str: 10    XL:     1   Next: 22%
Magic:  2/3        EV: 12    Int: 13    God:
Gold:   4          SH:  0    Dex: 13    Spells: 3/4 levels left

rFire   . . .      SeeInvis .      - Unarmed
rCold   . . .      Faith    .    (no shield)
rNeg    . . .      Spirit   .    a - +0 robe
rPois   .          Reflect  .    (helmet currently unavailable)
rElec   .          Harm     .    (no cloak)
rCorr   .          Rampage  .    (no gloves)
Will    .....                    (boots currently unavailable)
Stlth   +.........               (no amulet)
HPRegen 0.22/turn                (no ring)
MPRegen 0.08/turn                (no ring)

@: appendages
A: horns 2, talons 2
a: End Transformation


You were on level 1 of the Dungeon.
You had temporarily grown beastly horns and talons.
You visited 1 branch of the dungeon, and saw 1 of its levels.

You collected 4 gold pieces.

Inventory:

Armour
 a - a +0 robe (worn)
Potions
 b - a potion of lignification
 c - a potion of curing {unknown}
 d - a potion of haste {unknown}


   Skills:
 + Level 1.0 Fighting
 + Level 2.0 Dodging
 + Level 3.0 Unarmed Combat
 + Level 2.0 Spellcasting
 + Level 2.0 Transmutations


You had 3 spell levels left.
You knew the following spells:

 Your Spells              Type           Power      Damage    Failure   Level
a - Beastly Appendage     Tmut           12%        N/A       11%         1

Your spell library contained the following spells:

 Spells                   Type           Power      Damage    Failure   Level
 Wereblood                Tmut           6%         N/A       17%         2
 Spider Form              Tmut/Pois      3%         N/A       45%         3
 Ice Form                 Ice/Tmut       3%         N/A       86%         4


Dungeon Overview and Level Annotations

Branches:
Dungeon (1/15)

Altars:


Innate Abilities, Weirdness & Mutations

You have temporarily grown beastly horns and talons.


Message History

Found a staircase leading out of the dungeon.
You open the door.
There is an open door here.
Found 4 gold pieces.
Found a grey potion.
You now have 4 gold pieces.
Found an escape hatch in the floor.
Found a stone staircase leading down.
Found a purple potion.
c - a grey potion A goblin comes into view.
It is wielding a +0 club.
The goblin shouts!
Casting: Beastly Appendage (safe; 11% risk of failure)
Confirm with . or Enter, or press ? or * to list all spells.
You grow a pair of large bovine horns.
Your feet morph into talons.
You barely miss the goblin. You hit the goblin.
You kill the goblin!
You start resting.
Your transformation is almost over.
Magic restored.
Things that are here:
a +0 club; a goblin corpse Your horns disappear.
Your talons disappear.
d - a purple potion
Found 9 stones.
Found 10 gold pieces.
Found 15 gold pieces.
Found a grey potion.
A goblin comes into view.
It is wielding a +0 dagger of electrocution.
Found 8 stones.
The goblin shouts!
Casting: Beastly Appendage (safe; 11% risk of failure)
Confirm with . or Enter, or press ? or * to list all spells.
You grow a pair of large bovine horns.
Your feet morph into talons.
You closely miss the goblin. The goblin closely misses you.
You closely miss the goblin. The goblin hits you but does no damage.
You are electrocuted!!
Ouch! That really hurt!
You die...

# #.#######
#.....).#
......##'##.# #####
#8.8#.# #♣<♣#@####
♣♣♣♣g..>######
#.#.♣♣♣♣♣..........
#.#..........######
#.#####..###>#
#.#...g......#
#####.##....####.#
...............#.#
#####...#.#.#.##.#


You could see a goblin.

Vanquished Creatures
  A goblin (D:1)
1 creature vanquished.

Notes
Turn   | Place    | Note
-------+----------+-------------------------------------------
     0 | D:1      | brinewave the Human Transmuter began the quest for the Orb.
     0 | D:1      | Reached XP level 1. HP: 15/15 MP: 3/3
    77 | D:1      | Slain by a goblin

Illustrated notes

Levels and vault maps discovered:
D:1:      saegor_arrival_simple_b, layout_basic

Action                   || total
-------------------------++-------
Melee: Unarmed           ||     4
 Cast: Beastly Appendage ||     2
Armor: Robe              ||     1
Dodge: Dodged            ||     1

Table legend: (Time is in decaauts)
 A = Elapsed time spent in this place.
 B = Non-inter-level travel time spent in this place.
 C = Inter-level travel time spent in this place.
 D = Time resting spent in this place.
 E = Time spent auto-exploring this place.
 F = Levels seen in this place.
 G = Mean time per level.
                   A        B        C        D        E       F      G
               +--------+--------+--------+--------+--------+-----+--------+
         Total |     76 |     76 |      0 |     10 |      0 |   1 |   76.0 |
       Dungeon |     76 |     76 |      0 |     10 |      0 |   1 |   76.0 |
               +--------+--------+--------+--------+--------+-----+--------+

Top non-repeatable levels by time:
     D:1: 76 daAuts
